 Dungeon Crawl Stone Soup version 0.24.1-4-ge52af88ad5 (webtiles) character file.

Game seed: 4993925129951670452, levelgen mode: deterministic

2415 Peloso the Carver (level 9, -5/78 HPs)
             Began as a Minotaur Fighter on Apr 12, 2020.
             Slain by Harold
             ... wielding a +0 mace
              (14 damage)
             ... on level 7 of the Dungeon.
             The game lasted 00:11:38 (5677 turns).

Peloso the Carver (Minotaur Fighter)                Turns: 5677, Time: 00:11:39

Health: -5/78      AC: 15    Str: 34    XL:     9   Next: 23%
Magic:  8/8        EV:  9    Int:  5    God:
Gold:   384        SH: 12    Dex: 11    Spells: 8/8 levels left

rFire    . . .     SeeInvis +   a - +0 long sword
rCold    . . .     Gourm    .   c - +0 shield
rNeg     . . .     Faith    +   q - +0 chain mail
rPois    .         Spirit   .   m - +1 hat
rElec    .         Reflect  .   k - +0 cloak
rCorr    .         Harm     .   h - +0 pair of gloves
MR       .....                  i - +0 pair of boots
Stlth    ..........             x - amulet of faith
HPRegen  0.23/turn              p - +6 ring of strength
MPRegen  0.11/turn              v - ring of see invisible

@: mighty
A: retaliatory headbutt, horns 2
a: no special abilities


You were on level 7 of the Dungeon.
You were not hungry.

You visited 1 branch of the dungeon, and saw 7 of its levels.

You collected 384 gold pieces.

Inventory:

Hand Weapons
 a - a +0 long sword (weapon)
 b - a +3 war axe of flaming
Armour
 c - a +0 shield (worn)
 h - a +0 pair of gloves (worn)
 i - a +0 pair of boots (worn)
 k - a +0 cloak (worn)
 m - a +1 hat (worn)
 q - a +0 chain mail (worn)
Jewellery
 p - a +6 ring of strength (left hand)
 t - an uncursed ring of flight
 v - a ring of see invisible (right hand)
 x - an amulet of faith (around neck)
Wands
 o - a wand of digging (10)
 w - a wand of acid (10)
 C - a wand of iceblast (14)
Scrolls
 e - 5 scrolls of remove curse
 g - 4 scrolls of teleportation
 j - 2 scrolls of blinking {unknown}
 l - a scroll of random uselessness {unknown}
 n - a scroll of fear {unknown}
 y - 2 scrolls of magic mapping {unknown}
 A - a scroll of identify
 E - a scroll of fog {unknown}
Potions
 d - a potion of might
 r - a potion of ambrosia {unknown}
 s - 4 potions of curing {unknown}
 u - a potion of haste {unknown}
 z - a potion of magic
 B - a potion of lignification {unknown}
 D - a potion of mutation {unknown}
 F - a potion of flight {unknown}
Comestibles
 f - 9 rations


   Skills:
 + Level 6.8 Fighting
 + Level 9.2 Long Blades
 + Level 6.9 Armour
 + Level 2.8 Dodging
 + Level 1.0 Stealth
 + Level 8.5 Shields


You had 8 spell levels left.
You didn't know any spells.
Your spell library contained the following spells:

 Spells                   Type           Power        Failure   Level  Hunger
 Corona                   Hex            #......      99%         1    ##.....
 Flame Tongue             Conj/Fire      #....        99%         1    ##.....
 Ensorcelled Hibernation  Hex/Ice        #.....       100%        2    ###....
 Throw Flame              Conj/Fire      #.....       100%        2    ###....
 Confuse                  Hex            #.......     100%        3    ####...
 Conjure Flame            Conj/Fire      #.......     100%        3    ####...
 Dazzling Spray           Conj/Hex       #.....       100%        3    ####...
 Inner Flame              Hex/Fire       #.......     100%        3    ####...
 Tukima's Dance           Hex            #.......     100%        3    ####...
 Cause Fear               Hex            #.........   100%        4    #####..
 Sticky Flame             Conj/Fire      #.......     100%        4    #####..
 Fireball                 Conj/Fire      #.........   100%        5    ######.
 Silence                  Hex/Air        #.........   100%        5    ######.
 Yara's Violent Unravell  Hex/Tmut       #.........   100%        5    ######.
 Deflect Missiles         Chrm/Air       #.........   100%        6    #######
 Discord                  Hex            #.........   100%        8    #######


Dungeon Overview and Level Annotations

Branches:
Dungeon (7/15)
 Temple: D:4-7

Altars:
Ashenzari
Dithmenos
Kikubaaqudgha
Nemelex Xobeh
Qazlal
Ru
Trog
Uskayaw
Vehumet
Wu Jian

Annotations:
D:3 1 runed translucent door, Quickbrownfox's ghost, amateur OpTm
D:7 Harold


Innate Abilities, Weirdness & Mutations

You reflexively headbutt those who attack you in melee.
You have a pair of horns on your head.


Message History

Beogh smites you! You block the orc's attack.
You slash the orc!
You kill the orc!
The orc priest invokes the aid of Beogh against you.
Beogh smites you!
You hit Harold. You headbutt Harold, but do no damage.
Harold is lightly wounded.
You slice Harold!!
Harold is moderately wounded.
Harold hits you with a +0 mace!
* * * LOW HITPOINT WARNING * * *
You closely miss Harold.
Harold is moderately wounded.
You hit Harold. You headbutt Harold!
Harold is heavily wounded.
You block Harold's attack.
You slash Harold! You headbutt Harold!
Harold is almost dead.
Harold hits you with a +0 mace!
You die...

#..# #....###.........
##.###...)'...........
#..##....###########.
##.##....# #ยง.###'##
##.# #.# #.###.#
#..##(# ##.##@#
#..#@#### #...ao..#
#.......# #.......#
#.......# ###.>####
####


You could see Harold, a worker ant and an orc.

Vanquished Creatures
  Grinder (D:4)
  A hippogriff (D:6)
  A hungry ghost (D:7)
  Edmund (D:6)
  A phantom (D:6)
  2 orc warriors
  A sky beast (D:6)
  A centaur (D:5)
  5 ogres
  A howler monkey (D:4)
  2 orc priests
  9 orc wizards
  A bullfrog skeleton (D:5)
  Terence (D:3)
  2 iguanas (D:5)
  5 worker ants
  15 gnolls
  7 adders
  2 shadow imps
  2 oozes
  An adder zombie (D:6)
  3 adder skeletons
  4 dart slugs (D:1)
  3 leopard geckos
  23 orcs
  2 ball pythons (D:5)
  7 bats
  3 giant cockroaches
  9 goblins
  7 hobgoblins
  9 jackals
  12 kobolds
  A quokka (D:3)
  6 frilled lizards
  2 jackal skeletons
  A quokka skeleton (D:4)
  8 rats
162 creatures vanquished.

Notes
Turn   | Place    | Note
-------+----------+-------------------------------------------
     0 | D:1      | Peloso the Minotaur Fighter began the quest for the Orb.
     0 | D:1      | Reached XP level 1. HP: 19/19 MP: 0/0
    93 | D:1      | Reached XP level 2. HP: 27/27 MP: 1/1
   435 | D:1      | Reached XP level 3. HP: 33/33 MP: 2/2
   661 | D:2      | Reached skill level 3 in Long Blades
   688 | D:2      | Found an ancient bone altar of Kikubaaqudgha.
   752 | D:2      | Reached XP level 4. HP: 31/40 MP: 3/3
   810 | D:2      | Found a sparkling altar of Nemelex Xobeh.
  1965 | D:3      | Reached skill level 1 in Dodging
  2217 | D:3      | Reached XP level 5. HP: 35/47 MP: 4/4
  2369 | D:3      | Reached skill level 5 in Shields
  2466 | D:3      | Reached skill level 4 in Long Blades
  2501 | D:3      | Noticed Quickbrownfox's ghost (amateur OpTm)
  2503 | D:3      | Found a runed translucent door.
  2649 | D:3      | Reached XP level 6. HP: 34/55 MP: 5/5
  2670 | D:3      | Noticed Terence
  2701 | D:3      | Killed Terence
  3013 | D:4      | Found a stormy altar of Qazlal.
  3056 | D:4      | Reached skill level 5 in Fighting
  3056 | D:4      | Reached skill level 5 in Long Blades
  3243 | D:4      | Reached skill level 5 in Armour
  3245 | D:4      | Reached XP level 7. HP: 61/61 MP: 6/6
  3336 | D:4      | Found a hide-covered altar of Uskayaw.
  3500 | D:4      | Noticed Grinder
  3502 | D:4      | Paralysed by Grinder for 3 turns
  3509 | D:4      | Paralysed by Grinder for 2 turns
  3516 | D:4      | Paralysed by Grinder for 4 turns
  3522 | D:4      | Killed Grinder
  3522 | D:4      | Reached skill level 6 in Long Blades
  3785 | D:5      | Entered Level 5 of the Dungeon
  3864 | D:5      | Reached XP level 8. HP: 70/70 MP: 7/7
  3933 | D:5      | Found a sacrificial altar of Ru.
  4338 | D:6      | Noticed Edmund
  4345 | D:6      | Killed Edmund
  4345 | D:6      | Reached skill level 7 in Long Blades
  4359 | D:6      | Found a shattered altar of Ashenzari.
  4511 | D:6      | Found a bloodstained altar of Trog.
  4516 | D:6      | Noticed a hippogriff
  4524 | D:6      | Killed a hippogriff
  4524 | D:6      | Reached skill level 8 in Long Blades
  4668 | D:6      | Found a radiant altar of Vehumet.
  4684 | D:6      | Reached skill level 1 in Stealth
  4723 | D:6      | Found a shadowy altar of Dithmenos.
  4739 | D:6      | Reached XP level 9. HP: 76/78 MP: 8/8
  5020 | D:6      | Found an ornate altar of the Wu Jian Council.
  5623 | D:7      | Reached skill level 9 in Long Blades
  5625 | D:7      | Noticed Harold
  5677 | D:7      | Slain by Harold

Levels and vault maps discovered:
D:1:      psy_arrival_whirlpool, layout_loops_ring
D:2:      layout_basic, kiku_gazebo_garden_becter,
          nemelex_xobeh_ov_fountains_minmay
D:3:      layout_basic, hellmonk_ghost_happy_afterlife, first_ration,
          minmay_cupped, uniq_terence
D:4:      layout_gridville, old_standard_altar,
          nicolae_qazlal_general_emergency, minmay_vboxes, uniq_grinder
D:5:      layout_cave_pools, nicolae_ru_great_annihilating_truth,
          dk_noncrumbling_2
D:6:      layout_basic, old_standard_altar, kennysheep_little_box,
          lemuel_crystal_altar, vehumet_crystals, minivault_24,
          nicolae_dithmenos_through_a_glass_darkly, uniq_edmund
D:7:      layout_basic, minmay_temple_entry_junction, basic_altar, uniq_harold,
          uniq_joseph

Skill      XL: |  1  2  3  4  5  6  7  8  9 |
---------------+----------------------------+-----
Fighting       | 4 5 6 |  6.8
Armour         | 4 5 6 |  6.9
Shields        | 4 5 6 7 8 |  8.5
Long Blades    | 3 4 5 6 8 9 |  9.2
Dodging        | 1 2 |  2.8
Stealth        | 1 |  1.0

Action                   |  1- 3 |  4- 6 |  7- 9 || total
-------------------------+-------+-------+-------++-------
Melee: Long sword        |    76 |   198 |   210 ||   484
       Headbutt          |    11 |    36 |    61 ||   108
  Use: Scroll            |     3 |       |     1 ||     4
       Potion            |     1 |       |     1 ||     2
 Stab: Paralysed         |       |       |     1 ||     1
  Eat: Ration            |       |     1 |     1 ||     2
       Chunk             |       |     4 |     8 ||    12
Armor: Scale mail        |    39 |    68 |       ||   107
       Chain mail        |       |    47 |    92 ||   139
Dodge: Dodged            |    28 |    57 |    66 ||   151
Block: Shield            |    49 |   128 |   120 ||   297
       Rpst.: Long sword |     6 |    12 |    17 ||    35
